 Dungeon Crawl Stone Soup version 0.20-a0-345-gbfb25ec (webtiles) character file.

8324 recordrepeat the Basher (level 11, -6/94 HPs)
             Began as a Hill Orc Fighter on Dec 23, 2016.
             Was an Elder of Beogh.
             Mangled by an orc warrior
             ... wielding a +0 halberd
              (17 damage)
             ... in a bailey.
             The game lasted 01:27:41 (10210 turns).

recordrepeat the Basher (Hill Orc Fighter)         Turns: 10210, Time: 01:27:45

Health: -6/94      AC: 23    Str: 21    XL:     11   Next: 29%
Magic:  11/11      EV:  8    Int:  8    God:    Beogh [****..]
Gold:   1071       SH:  0    Dex: 10    Spells: 10/10 levels left

rFire  . . .     SeeInvis .     y - +2 mace (venom)
rCold  . . .     Gourm    .     I - +0 plate armour
rNeg   . . .     Faith    .     (no shield)
rPois  +         Spirit   .     x - +2 helmet
rElec  .         Reflect  .     z - +0 cloak {rPois}
rCorr  .         Harm     .     (no gloves)
MR     +....                    (no boots)
Stlth  ..........               (no amulet)
                                w - +5 ring of protection
                                L - ring of protection from magic

@: no status effects
A: clumsy 1, sturdy frame 1
a: Smiting, Recall Orcish Followers, Renounce Religion


You were in a bailey.
You worshipped Beogh.
Beogh was greatly pleased with you.
You were hungry.

You visited 1 branch of the dungeon, and saw 10 of its levels.
You also visited: Ossuary and Bailey.

You collected 1071 gold pieces.

Inventory:

Hand Weapons
 y - a +2 mace of venom (weapon)
 J - a +2 mace of crushing
 K - a +0 triple crossbow
Missiles
 B - 17 bolts
Armour
 c - a +0 shield
 x - a +2 helmet (worn)
 z - a +0 cloak of poison resistance (worn)
 I - a +0 plate armour (worn)
Jewellery
 u - an uncursed ring of resist corrosion
 w - a +5 ring of protection (right hand)
 L - a ring of protection from magic (left hand)
Wands
 A - a wand of slowing (13/48)
 G - a wand of slowing (21/48)
 O - a wand of disintegration (13/24)
Scrolls
 d - a scroll of amnesia {unknown}
 g - 4 scrolls of identify
 h - 2 scrolls of recharging {unknown}
 k - 5 scrolls of noise {unknown}
 m - 4 scrolls of magic mapping {unknown}
 n - 4 scrolls of teleportation {unknown}
 q - 4 scrolls of remove curse {unknown}
 t - a scroll of random uselessness {unknown}
 C - 3 scrolls of enchant weapon {unknown}
 M - a scroll of blinking {unknown}
 N - a scroll of immolation {unknown}
Potions
 b - a potion of heal wounds
 e - a potion of resistance
 j - 2 potions of curing
 l - a potion of agility
 o - a potion of haste
 r - 2 potions of flight
 s - a potion of mutation
 v - 4 potions of brilliance
 F - 2 potions of might
 P - a potion of lignification
Books
 a - the Volume of Lightness and the Oath
   (You found it on level 8 of the Dungeon)

   Spells                             Type                      Level
   a - Confusing Touch                Hexes                        1
   b - Airstrike                      Air                          4
   c - Invisibility                   Hexes                        6
   d - Tornado                        Air                          9
 p - a Young Poisoner's Handbook

   Spells                             Type                      Level
   a - Sting                          Conjuration/Poison           1
   b - Mephitic Cloud                 Conjuration/Poison/Air       3
   c - Olgreb's Toxic Radiance        Poison                       4
   d - Alistair's Intoxication        Transmutation/Poison         5
   e - Venom Bolt                     Conjuration/Poison           5
 E - a book of Conjurations

   Spells                             Type                      Level
   a - Magic Dart                     Conjuration                  1
   b - Searing Ray                    Conjuration                  2
   c - Dazzling Spray                 Conjuration/Hexes            3
   d - Fulminant Prism                Conjuration/Hexes            4
   e - Iskenderun's Mystic Blast      Conjuration                  4
   f - Iskenderun's Battlesphere      Conjuration/Charms           5
Comestibles
 f - 9 bread rations
 i - 5 fruits
 D - 2 beef jerkies
 H - 7 slices of pizza


   Skills:
 + Level 8.2 Fighting
   Level 5.3(10.3) Axes
 + Level 11.4(11.7) Maces & Flails
 + Level 9.0 Armour
 + Level 2.7 Dodging
 + Level 0.6 Stealth
 + Level 9.2 Shields


You had 10 spell levels left.
You didn't know any spells.

Dungeon Overview and Level Annotations

Branches:
Dungeon (10/15)            Temple (0/1) D:7             Orc (0/2) D:9
   Lair: D:8-11

Altars:

Shops:
D:5 (   D:9 ([

Annotations:
D:8 Prince Ribbit


Innate Abilities, Weirdness & Mutations

You are clumsy. (Dex -2)
Your movements are slightly less encumbered by armour. (ER -2)


Message History

The orc warrior hits you from afar with a halberd.
Your orc warrior hits the orc knight but does no damage.
You continue putting on your +0 shield.
The orc knight hits you but does no damage.
The orc warrior hits you from afar with a halberd!!
The orc warrior hits you from afar with a halberd!
Your orc warrior hits the orc knight with a spear!
You continue putting on your +0 shield.
The orc knight barely misses you.
The orc warrior hits you from afar with a halberd!!
* * * LOW HITPOINT WARNING * * *
Your orc warrior hits the orc knight with a spear.
The orc warrior hits you but does no damage.
You continue putting on your +0 shield.
Your orc warrior closely misses the orc knight.
The orc knight hits you from afar with a halberd.
* * * LOW HITPOINT WARNING * * *
The orc warrior hits you from afar with a halberd!
You die...
Beogh appreciates the orc warrior's killing of a heretic priest.

## ###
##.###########∩######
#$..##.....##...##...
#..o#..≈≈≈..#...#..≈≈
#}..#.≈≈)≈≈.......≈≈)
#.oo@.≈())≈.......≈oo
#!..#.≈≈.≈≈.......≈≈o
#)o.#..≈≈≈..#...#..≈≈
#$..##.....##.∩.##...
##.###########∩######
## ###


You could see an orc knight, 2 orc warriors and a friendly orc warrior.

Vanquished Creatures
  The ghost of Vinniefish the Thaumaturge, a novice DECj of Vehumet (D:8)
  An unseen horror (D:9)
  The ghost of Coron the Sneak, a novice DDAs of Kikubaaqudgha (D:6)
  The ghost of rjrrt the Destroyer, a novice DEFE of Vehumet (Bailey)
  An orc knight (Bailey)
  Pikel (D:9)
  A troll (D:9)
  Sigmund (D:6)
  2 yaks (D:8)
  A hungry ghost (D:8)
  A human (D:8)
  3 hogs (D:8)
  Edmund (D:5)
  2 sky beasts
  Duvessa (D:4)
  2 ice beasts (D:6)
  A slave (D:9)
  A phantom (D:9)
  An eye of draining (D:10)
  6 orc warriors
  An ogre (D:7)
  A crocodile (D:9)
  Blork the orc (D:6)
  4 bullfrogs
  Dowan (D:4)
  4 scorpions
  5 killer bees (D:10)
  A wight (D:9)
  A howler monkey (D:4)
  An electric eel (D:8)
  A crimson imp (D:4)
  A bullfrog zombie (D:8)
  A centaur zombie (D:7)
  6 hounds
  A jelly (D:5)
  6 orc priests
  Crazy Yiuf (D:2)
  11 orc wizards
  A centaur skeleton (D:8)
  5 iguanas
  Ijyb (D:2)
  11 worker ants
  2 big kobold zombies (Ossuary)
  2 hound skeletons
  2 mummies (Ossuary)
  A howler monkey zombie (D:8)
  8 adders
  A gnoll (D:2)
  6 shadow imps
  An ooze (D:1)
  2 adder skeletons
  An adder zombie (D:5)
  2 worms (D:3)
  4 dart slugs
  8 leopard geckos
  20 orcs
  7 bats
  8 giant cockroaches
  6 hobgoblins
  9 jackals
  11 kobolds
  3 quokkas
  2 ball pythons
  9 frilled lizards
  11 goblins
  3 goblin zombies (Ossuary)
  10 hobgoblin zombies (Ossuary)
  4 jackal zombies
  11 kobold zombies (Ossuary)
  A leopard gecko skeleton (D:6)
  6 orc zombies (Ossuary)
  A quokka zombie (D:5)
  5 rats
  A rat zombie (Ossuary)
264 creatures vanquished.

Vanquished Creatures (collateral kills)
  A hungry ghost (D:9)
  An orc warrior (Bailey)
  A phantom (D:9)
  A hound (D:9)
  A worker ant (D:10)
  A hound zombie (D:9)
  3 leopard geckos (D:9)
  An orc (Bailey)
  A frilled lizard (D:9)
11 creatures vanquished.

Vanquished Creatures (others)
  2 orc warriors (Bailey)
  A centaur (D:9)
  A hound (D:9)
  3 orcs
  3 plants (D:9)
10 creatures vanquished.

Grand Total: 285 creatures vanquished

Notes
Turn   | Place    | Note
-------+----------+-------------------------------------------
     0 | D:1      | recordrepeat the Hill Orc Fighter began the quest for the Orb.
     0 | D:1      | Reached XP level 1. HP: 19/19 MP: 1/1
    82 | D:1      | Reached XP level 2. HP: 23/27 MP: 2/2
   644 | D:1      | Reached XP level 3. HP: 25/33 MP: 3/3
  1055 | D:2      | Noticed Ijyb
  1084 | D:2      | Killed Ijyb
  1084 | D:2      | Reached XP level 4. HP: 36/40 MP: 4/4
  1640 | D:2      | Reached XP level 5. HP: 46/46 MP: 5/5
  1799 | D:2      | Found a runed door.
  1803 | D:2      | Noticed Crazy Yiuf
  1807 | D:2      | Killed Crazy Yiuf
  1807 | D:2      | Reached skill level 1 in Dodging
  2227 | D:3      | Reached skill level 5 in Axes
  2600 | D:4      | Reached skill level 1 in Maces & Flails
  2848 | D:4      | Reached XP level 6. HP: 48/53 MP: 6/6
  2857 | D:4      | Reached skill level 2 in Maces & Flails
  3045 | D:4      | Noticed Duvessa
  3045 | D:4      | Noticed Dowan
  3057 | D:5      | Entered Level 5 of the Dungeon
  3057 | D:5      | Noticed Edmund
  3069 | D:5      | Killed Edmund
  3069 | D:5      | Reached skill level 3 in Maces & Flails
  3069 | D:5      | Reached XP level 7. HP: 25/60 MP: 7/7
  3266 | D:4      | Killed Duvessa
  3266 | D:4      | Reached skill level 4 in Maces & Flails
  3266 | D:4      | Reached skill level 5 in Shields
  3273 | D:4      | Killed Dowan
  3325 | D:5      | Reached skill level 5 in Fighting
  3408 | D:5      | Found a sand-covered staircase.
  3415 | Ossuary  | Entered an ossuary
  3813 | D:5      | Reached skill level 5 in Maces & Flails
  3813 | D:5      | Reached XP level 8. HP: 63/68 MP: 8/8
  4058 | D:5      | Found Fudaucs's Weapon Shop.
  4098 | D:5      | Became a worshipper of Beogh the Brigand
  4139 | D:5      | Reached skill level 5 in Armour
  4627 | D:6      | Reached skill level 6 in Maces & Flails
  4700 | D:6      | Noticed Blork the orc
  4713 | D:6      | Killed Blork the orc
  4828 | D:6      | Noticed Sigmund
  4836 | D:6      | Killed Sigmund
  4836 | D:6      | Reached XP level 9. HP: 75/75 MP: 9/9
  4847 | D:6      | Reached skill level 7 in Maces & Flails
  5087 | D:6      | Noticed Coron's ghost (novice DDAs)
  5151 | D:6      | Killed Coron's ghost
  5151 | D:6      | Reached skill level 8 in Maces & Flails
  5409 | D:6      | Gained mutation: Your movements are slightly less encumbered by armour. (ER -2) [potion of mutation]
  5409 | D:6      | Gained mutation: You are clumsy. (Dex -2) [potion of mutation]
  5513 | D:6      | Reached * piety under Beogh
  6205 | D:7      | Found a staircase to the Ecumenical Temple.
  6589 | D:8      | Reached ** piety under Beogh
  6615 | D:8      | Reached skill level 9 in Maces & Flails
  6784 | D:8      | Noticed Vinniefish's ghost (novice DECj)
  6801 | D:8      | Reached XP level 10. HP: 66/86 MP: 10/10
  6816 | D:8      | Killed Vinniefish's ghost
  7113 | D:8      | Reached skill level 10 in Maces & Flails
  7374 | D:8      | Identified the Volume of Lightness and the Oath
  7669 | D:8      | Noticed Prince Ribbit
  7927 | D:9      | Found Vanoc's Armour Emporium.
  8064 | D:9      | Reached *** piety under Beogh
  8096 | D:9      | Found a staircase to the Orcish Mines.
  8097 | D:9      | Found Pear's Weapon Emporium.
  8220 | D:9      | Killed an unseen horror
  8560 | D:9      | Noticed Pikel
  8576 | D:9      | Killed Pikel
  8576 | D:9      | Reached skill level 11 in Maces & Flails
  8576 | D:9      | Reached XP level 11. HP: 94/94 MP: 11/11
  9106 | D:10     | Entered Level 10 of the Dungeon
  9329 | D:10     | Found a flagged portal.
  9336 | Bailey   | Entered a bailey
  9336 | Bailey   | Noticed an orc knight
  9365 | Bailey   | Noticed rjrrt's ghost (novice DEFE)
  9397 | Bailey   | Killed rjrrt's ghost
  9692 | Bailey   | Noticed an orc knight
  9710 | Bailey   | Killed an orc knight
 10028 | Bailey   | Reached **** piety under Beogh
 10201 | Bailey   | Noticed an orc knight
 10210 | Bailey   | Mangled by an orc warrior

Vault maps used:
D:1:      shiori_arrival_maze
D:2:      kb_forest_paths, uniq_crazy_yiuf_cottage, uniq_iyjb
D:4:      first_bread, corexii_leaking_fountain, serial_park_tiny_2,
          uniq_duvessa
D:5:      lightli_ossuary_entry_decrepit_ruins, serial_shops, shop, uniq_edmund
D:6:      uniq_sigmund, uniq_blork_the_orc
D:8:      grunt_livestock, uniq_prince_ribbit1
D:9:      orc_david_3, minmay_lizard_king, uniq_pikel
D:10:     erik_lair_orcish_takeover, enter_bailey_3
Ossuary:  ossuary_tomb_1
Bailey:   bailey_polearm_4, bailey

Skill      XL: |  1  2  3  4  5  6  7  8  9 10 11 |
---------------+----------------------------------+-----
Axes           | 3 4 5 |  5.3
Fighting       | 4 5 7 8 |  8.2
Shields        | 4 5 6 7 8 9 |  9.2
Dodging        | 1 2 |  2.7
Maces & Flails | 1 3 5 6 9 11 | 11.4
Armour         | 4 5 6 8 9 |  9.0
Stealth        | |  0.6

Action                   |  1- 3 |  4- 6 |  7- 9 | 10-12 || total
-------------------------+-------+-------+-------+-------++-------
Melee: War axe           |    84 |    85 |       |       ||   169
       Mace              |       |   110 |   506 |   375 ||   991
 Fire: Triple crossbow   |       |       |       |    12 ||    12
Invok: Convert to Beogh  |       |       |     1 |       ||     1
Evoke: Wand              |       |       |     1 |       ||     1
  Use: Potion            |       |       |     6 |    10 ||    16
       Scroll            |       |       |     9 |     1 ||    10
 Stab: Distracted        |       |       |       |     1 ||     1
  Eat: Chunk             |     1 |     6 |     1 |     6 ||    14
       Meat ration       |       |       |     2 |     2 ||     4
       Pizza             |       |       |     1 |       ||     1
       Fruit             |       |       |     1 |       ||     1
       Beef jerky        |       |       |       |     2 ||     2
Armor: Scale mail        |    30 |    58 |       |       ||    88
       Chain mail        |       |    33 |   200 |       ||   233
       Plate armour      |       |       |    39 |   260 ||   299
Dodge: Dodged            |    35 |    42 |   107 |    62 ||   246
Block: Shield            |    50 |    83 |   247 |   147 ||   527
